General information
- name: BNet
- type: Ladder 1vs1/FFA
- host: Battle.net
- saver: ROTS19
map: MeltingValley
- players: 2
- length: 20:49
- speed: Fast
- version: 1.24 W3XP
- replay type: Public
» download(63 KB)
Players
team 1 (loser)
le_zeZ (
blue | 86 APM | 1793 actions | 20:47)
4 Blademaster
2 Wind Walk
2 Critical Strike
3 Tauren Chieftain
2 Endurance Aura
1 Shockwave
» actions
| Assign group hotkey | 61 | |
| Build / train | 64 | |
| ESC pressed | 3 | |
| Enter build submenu | 19 | |
| Enter hero's abilities submenu | 7 | |
| Give item / drop item | 3 | |
| Remove unit from queue | 1 | |
| Right click | 756 | |
| Select / deselect | 273 | |
| Select group hotkey | 461 | |
| Use ability | 145 | |
1793 total
» units
| Peon | 9 | |
| Grunt | 8 | |
| Raider | 6 | |
| Spirit Walker | 5 | |
| Demolisher | 2 | |
30 total
» upgrades
| Ensnare | 1 | |
| Spirit Walker Training | 2 | |
| Melee Weapons | 2 | |
| Armor | 2 | |
| Berserker Strength | 1 | |
8 total
» buildings
| Altar of Storms | 1 | |
| Orc Burrow | 8 | |
| Barracks | 1 | |
| Voodoo Lounge | 1 | |
| Stronghold | 1 | |
| War Mill | 1 | |
| Spirit Lodge | 2 | |
| Beastiary | 3 | |
| Fortress | 1 | |
| Great Hall | 1 | |
| Tauren Totem | 1 | |
21 total
» build order
00:03 Altar of Storms
00:17 Orc Burrow
00:43 Barracks
01:25 Orc Burrow
02:46 Voodoo Lounge
03:08 Stronghold
03:37 Orc Burrow
04:29 War Mill
05:34 Orc Burrow
05:51 Spirit Lodge
06:26 Beastiary
06:31 Beastiary
07:01 Spirit Lodge
07:05 Beastiary
08:23 Orc Burrow
09:50 Orc Burrow
14:18 Orc Burrow
14:54 Fortress
15:24 Great Hall
15:34 Orc Burrow
18:23 Tauren Totem
» items
| Healing Salve | 5 | |
| Lesser Clarity Potion | 4 | |
| Scroll of Speed | 1 | |
| Potion of Healing | 2 | |
12 total
team 2 (winner)

»
ROTS19 (
purple | 61 APM | 1265 actions | 20:49)
4 Mountain King
2 Storm Bolt
2 Bash
3 Blood Mage
2 Banish
1 Siphon Mana
2 Paladin
1 Holy Light
1 Divine Shield
» actions
| Assign group hotkey | 31 | |
| Basic commands | 113 | |
| Build / train | 77 | |
| ESC pressed | 1 | |
| Enter build submenu | 33 | |
| Enter hero's abilities submenu | 9 | |
| Right click | 337 | |
| Select / deselect | 370 | |
| Select group hotkey | 208 | |
| Use ability | 84 | |
1265 total
» units
| Peasant | 13 | |
| Footman | 5 | |
| Sorceress | 9 | |
| Priest | 5 | |
| Spell Breaker | 4 | |
| Mud Golem | 1 | |
| Ogre Mauler | 1 | |
| Forest Troll Berserker | 1 | |
39 total
» upgrades
| Masonry | 2 | |
| Magic Sentry | 1 | |
| Lumber Harvesting | 1 | |
| Sorceress Training | 2 | |
| Priest Training | 2 | |
| Plating | 3 | |
| Swords | 1 | |
12 total
» buildings
| Altar of Kings | 1 | |
| Barracks | 1 | |
| Farm | 8 | |
| Lumber Mill | 2 | |
| Scout Tower | 9 | |
| Arcane Tower | 5 | |
| Keep | 1 | |
| Guard Tower | 3 | |
| Blacksmith | 1 | |
| Arcane Sanctum | 3 | |
| Arcane Vault | 1 | |
| Castle | 1 | |
| Town Hall | 2 | |
38 total
» build order
00:06 Altar of Kings
00:12 Barracks
00:22 Farm
01:31 Farm
01:34 Farm
01:59 Lumber Mill
02:08 Lumber Mill
02:14 Scout Tower
02:43 Arcane Tower
02:51 Farm
03:47 Farm
04:00 Keep
04:09 Scout Tower
04:33 Scout Tower
04:59 Guard Tower
05:07 Farm
05:13 Guard Tower
06:18 Blacksmith
06:24 Farm
06:54 Arcane Sanctum
07:00 Arcane Sanctum
07:46 Arcane Sanctum
08:02 Arcane Vault
08:32 Scout Tower
08:39 Scout Tower
08:50 Castle
09:27 Arcane Tower
09:35 Arcane Tower
11:20 Town Hall
12:13 Town Hall
12:24 Scout Tower
12:26 Scout Tower
13:00 Arcane Tower
13:01 Arcane Tower
13:16 Farm
16:00 Scout Tower
16:02 Scout Tower
16:45 Guard Tower
» items
| Scroll of Town Portal | 1 | |
| Potion of Healing | 3 | |
4 total
Chat log
(00:29 / All) ROTS19: hi
(00:45 / All) le_zeZ: Hi
(02:27 / All) ROTS19: oh no
(02:30 / All) ROTS19: not peter the peasant
(03:21 / All) ROTS19: I HEARD THAT
(03:26 / All) ROTS19: SHOW YOURSELF
(04:15 / All) ROTS19: aw man
(04:17 / All) ROTS19: creepin mah stuff?
(04:21 / All) ROTS19: tha'ts just uncalled for.
(20:45 / All) le_zeZ: ggg
(20:47 / All) ROTS19: gg